 Dungeon Crawl Stone Soup version 0.27.1 (webtiles) character file.

Game seed: 2198825545629854030

480 ZARRMARR the Cudgeller (level 6, -1/78 HPs)
             Began as a Palentonga Fighter on Aug 29, 2021.
             Slain by Duvessa (8 damage)
             ... on level 4 of the Dungeon.
             The game lasted 00:11:05 (4080 turns).

ZARRMARR the Cudgeller (Palentonga Fighter)         Turns: 4080, Time: 00:11:06

Health: -1/78      AC: 23    Str: 22    XL:     6   Next: 86%
Magic:  6/6        EV:  1    Int:  8    God:
Gold:   139        SH:  9    Dex:  9    Spells: 5/5 levels left

rFire    . . .     SeeInvis +   a - +0 flail
rCold    . . .     Faith    .   c - +0 kite shield
rNeg     + + +     Spirit   .   (armour currently unavailable)
rPois    +         Reflect  .   (helmet currently unavailable)
rElec    .         Harm     .   (cloak currently unavailable)
rCorr    +         Rampage  .   (gloves currently unavailable)
Will     .....     NoTele   +   (no barding)
Stlth    +.........             (no amulet)
HPRegen  0.23/turn              i - ring of resist corrosion
MPRegen  0.10/turn              (no ring)

@: brilliant, lethally poisoned (-1 -> -9), tree-form
A: stationary, stasis, torment immunity, boosted hp, large, rugged brown scales
3, see invisible, (deformed body), (roll 1), (armoured tail)
a: no special abilities


You were on level 4 of the Dungeon.
You were a tree.
You visited 1 branch of the dungeon, and saw 4 of its levels.

You collected 139 gold pieces.

Inventory:

Hand Weapons
 a - a +0 flail (weapon)
Missiles
 k - 5 boomerangs (quivered)
 n - 11 poisoned darts
Armour
 b - a +0 scale mail (melded)
 c - a +0 kite shield (worn)
 f - a +1 pair of gloves (melded)
Magical Staves
 h - a staff of air
Jewellery
 i - a ring of resist corrosion (left branch)
Scrolls
 e - a scroll of teleportation
 m - a scroll of fear {unknown}
Potions
 l - a potion of invisibility {unknown}


   Skills:
 + Level 4.4 Fighting
 + Level 5.3 Maces & Flails
 - Level 2.4 Armour
 + Level 4.0 Shields


You had 5 spell levels left.
You didn't know any spells.
Your spell library contained the following spells:

 Spells                   Type           Power      Damage    Failure   Level
 Apportation              Tloc           0%         N/A       77%         1
 Foxfire                  Conj/Fire      0%         2x1d4     77%         1
 Conjure Flame            Conj/Fire      0%         6-21      98%         3
 Inner Flame              Hex/Fire       0%         N/A       98%         3
 Alistair's Intoxication  Tmut/Pois      0%         N/A       100%        5
 Invisibility             Hex            0%         N/A       100%        6


Dungeon Overview and Level Annotations

Branches:
Dungeon (4/15)
 Temple: D:4-7

Altars:
Kikubaaqudgha
Trog
The Shining One

Shops:
D:2 !

Annotations:
D:4 Duvessa


Innate Abilities, Weirdness & Mutations

You are a tree.
Your roots penetrate the ground, keeping you stationary.
You cannot be teleported.
You are immune to unholy pain and torment.
Your maximum health is greatly increased.
Your equipment is partially melded.
(You are completely covered in rugged brown scales. (AC +3, +7% HP))
You have supernaturally acute eyesight. (SInv)
((Armour fits poorly on your strangely shaped body.))
((You can roll at nearby foes to attack.))
((You have a long armoured tail.))


Message History

Your +0 scale mail melds into your body.
Your roots penetrate the ground.
You block Duvessa's attack.
You hit Duvessa.
Duvessa is lightly wounded.
Duvessa hits you but does no damage.
Duvessa hits you with a +2 short sword of venom!
You are poisoned.
You hit Duvessa but do no damage.
Duvessa is lightly wounded.
You feel very sick. Duvessa hits you but does no damage. x2
You hit Duvessa.
Duvessa is lightly wounded.
You feel very sick.
Duvessa hits you with a +2 short sword of venom!
You are more poisoned.
Duvessa hits you with a +2 short sword of venom!
* * * LOW HITPOINT WARNING * * *
It was a potion of curing.
You feel better. Duvessa completely misses you. You block Duvessa's attack.
You barely miss Duvessa.
Duvessa is lightly wounded.
You block Duvessa's attack.
You barely miss Duvessa.
Duvessa is lightly wounded.
Duvessa hits you with a +2 short sword of venom!
* * * LOW HITPOINT WARNING * * *
You block Duvessa's attack.
You hit Duvessa.
Duvessa is lightly wounded.
Duvessa hits you with a +2 short sword of venom!
* * * LOW HITPOINT WARNING * * *
You are lethally poisoned!
You block Duvessa's attack.
It was a potion of brilliance.
You feel clever all of a sudden.
* * * LOW HITPOINT WARNING * * *
You feel very sick.
Duvessa hits you with a +2 short sword of venom!
You die...

....... ### #. #......
#.#.###.####. #......
#............ #......
#.#.###....#. .....
#.#.###......
...#####............
#.K#.####.###......
#e#...............
#♣..####..........
#######....(...#.......
...)...................
########.#####.#.......
#.## #.#..#.... #..#
#.#....... ##.#
#.#....... #.##
#.##).[.).
#..###..)......


You could see Duvessa (berserk) and a kobold.

Vanquished Creatures
  A black bear (D:4)
  An ogre (D:4)
  Dowan (D:4)
  An orc priest (D:4)
  An iguana (D:3)
  An orc wizard (D:4)
  10 adders
  2 worms (D:2)
  3 dart slugs
  2 orcs (D:4)
  6 ball pythons
  8 bats
  6 endoplasms
  4 giant cockroaches
  5 goblins
  4 hobgoblins
  6 jackals
  3 quokkas
  2 frilled lizards (D:2)
  4 kobolds
  3 rats
74 creatures vanquished.

Notes
Turn   | Place    | Note
-------+----------+-------------------------------------------
     0 | D:1      | ZARRMARR the Palentonga Fighter began the quest for the
                  | Orb.
     0 | D:1      | Reached XP level 1. HP: 19/19 MP: 1/1
    97 | D:1      | Reached XP level 2. HP: 12/25 MP: 2/2
   946 | D:2      | Reached XP level 3. HP: 31/31 MP: 3/3
  1236 | D:2      | Found Ustreff's Distillery.
  1481 | D:2      | Found a faded altar of an unknown god.
  1818 | D:3      | Found a glowing golden altar of the Shining One.
  1823 | D:3      | Found a bloodstained altar of Trog.
  1884 | D:3      | Reached skill level 3 in Maces & Flails
  1899 | D:3      | Reached XP level 4. HP: 5/38 MP: 4/4
  2925 | D:3      | Reached XP level 5. HP: 44/44 MP: 5/5
  3108 | D:3      | Found an ancient bone altar of Kikubaaqudgha.
  3113 | D:3      | Reached skill level 4 in Maces & Flails
  3476 | D:4      | Noticed an ogre
  3486 | D:4      | Killed an ogre
  3487 | D:4      | Reached XP level 6. HP: 26/51 MP: 6/6
  3740 | D:4      | HP: 1/51 [orc priest/divine providence (15)]
  3910 | D:4      | Reached skill level 5 in Maces & Flails
  4066 | D:4      | Noticed Dowan
  4068 | D:4      | Noticed Duvessa
  4068 | D:4      | Killed Dowan
  4080 | D:4      | Slain by Duvessa

Illustrated notes

Levels and vault maps discovered:
D:1:      minmay_arrival_arboretum_small, layout_basic
D:2:      layout_loops_ring, serial_shops, nicolae_shop_crystal,
          chequers_ecumenical_altar_island
D:3:      layout_loops_corners, mainiacjoe_overflow_catwalk_spiral,
          mainiacjoe_overflow_cross_hatched
D:4:      layout_basic, uniq_duvessa

Skill      XL: |  1  2  3  4  5  6 |
---------------+-------------------+-----
Shields        | 3 4 |  4.0
Maces & Flails | 3 4 5 |  5.3
Fighting       | 4 |  4.4
Armour         | |  2.4

Action                   |  1- 3 |  4- 6 || total
-------------------------+-------+-------++-------
Melee: Flail             |   119 |   126 ||   245
       Tailslap          |    10 |     9 ||    19
Throw: Boomerang         |     8 |    23 ||    31
 Abil: Rolling Charge    |    27 |    16 ||    43
  Use: Scroll            |     3 |       ||     3
       Potion            |     1 |     4 ||     5
Armor: Scale mail        |    68 |    63 ||   131
       Skin              |       |    10 ||    10
Dodge: Dodged            |    31 |    36 ||    67
Block: Kite shield       |    47 |    58 ||   105
